 Dungeon Crawl Stone Soup version 0.27.0-1-g7a089689b8 (webtiles) character file.

Game seed: 6660344283923694431

35914 Anothat the Brawler (level 13, -7/202 HPs)
             Began as a Troll Monk on Aug 8, 2021.
             Was a High Priest of Trog.
             Mangled by a blink frog (14 damage)
             ... on level 6 of the Lair of Beasts.
             The game lasted 00:18:27 (13230 turns).

Anothat the Brawler (Troll Monk)                   Turns: 13230, Time: 00:18:28

Health: -7/202     AC:  8    Str: 26    XL:     13   Next: 50%
Magic:  12/12      EV: 12    Int:  6    God:    Trog [*****.]
Gold:   1062       SH:  0    Dex: 12    Spells: 12/12 levels left

rFire    . . .     SeeInvis .     - Unarmed
rCold    . . .     Faith    .   (no shield)
rNeg     . . .     Spirit   .   a - +1 robe
rPois    .         Reflect  .   (helmet restricted)
rElec    .         Harm     .   x - +2 cloak {Stlth+}
rCorr    .         Rampage  .   (gloves unavailable)
Will     +....                  (boots unavailable)
Stlth    ..........             u - amulet of regeneration
HPRegen  2.43/turn              w - ring of willpower
MPRegen  0.13/turn              R - +4 ring of slaying

@: berserking, lethally poisoned (-7 -> -7), very quick
A: large, unfitting armour, claws 3, regeneration 1, shaggy fur 1, tough skin 1
a: Renounce Religion, Berserk, Trog's Hand, Brothers in Arms


You were on level 6 of the Lair of Beasts.
You worshipped Trog.
Trog was extremely pleased with you.
You visited 2 branches of the dungeon, and saw 15 of its levels.

You collected 1062 gold pieces.

Inventory:

Missiles
 t - 4 throwing nets (quivered)
Armour
 a - a +1 robe (worn)
 x - a +2 cloak of stealth (worn)
Jewellery
 g - an amulet of faith
 l - a ring of protection from cold
 m - an amulet of the acrobat
 u - an amulet of regeneration (around neck)
 w - a ring of willpower (left claw)
 B - a ring of resist corrosion
 M - a ring of protection from cold
 N - an amulet of guardian spirit
 R - a +4 ring of slaying (right claw)
 T - a ring of fire
Wands
 q - a wand of iceblast (7)
 z - a wand of charming (9)
 A - a wand of paralysis (2)
 D - a wand of flame (28)
 F - a wand of digging (15)
 K - a wand of polymorph (7)
 W - a wand of mindburst (15)
Scrolls
 c - 2 scrolls of magic mapping
 n - 4 scrolls of teleportation
 o - a scroll of fear
 p - 5 scrolls of immolation
 s - 4 scrolls of fog
 I - 5 scrolls of identify
 O - 2 scrolls of blinking
 P - a scroll of enchant armour
 V - a scroll of torment {unknown}
 Y - a scroll of acquirement {unknown}
 Z - a scroll of brand weapon {unknown}
Potions
 b - 6 potions of heal wounds
 d - 5 potions of haste
 e - 3 potions of might
 f - 4 potions of attraction
 i - 3 potions of lignification
 j - 5 potions of curing
 k - 2 potions of degeneration {unknown}
 r - 4 potions of invisibility {unknown}
 E - 5 potions of magic {unknown}
 G - 2 potions of berserk rage {unknown}
 J - a potion of ambrosia {unknown}
 U - a potion of cancellation {unknown}
 X - a potion of brilliance {unknown}
Miscellaneous
 S - a condenser vane


   Skills:
 + Level 10.5 Fighting
 - Level 7.5 Dodging
 - Level 1.2 Stealth
 * Level 15.9 Unarmed Combat
 - Level 6.2 Evocations


You had 12 spell levels left.
You didn't know any spells.
Your spell library was empty.

Dungeon Overview and Level Annotations

Branches:
Dungeon (9/15)             Temple (0/1) D:4            Lair (6/6) D:8
  Swamp (0/4) Lair:2       Spider (0/4) Lair:3
  Slime: Lair:5-6       Orc: D:9-12

Altars:
Ashenzari
Elyvilon
Gozag
Nemelex Xobeh
Trog
Uskayaw
Wu Jian
Xom
Yredelemnul
Zin

Shops:
D:6 :

Annotations:
D:7 2 transporters


Innate Abilities, Weirdness & Mutations

You are too large for most types of armour.
You have claws for hands.
Your natural rate of healing is unusually fast.
You are covered in fur. (AC +1)
You have tough skin. (AC +1)


Message History

The cane toad is severely wounded.
You feel sick.
The blink frog blinks!
The blink frog barely misses you. The cane toad barely misses you.
The blink frog hits you!
You mangle the cane toad!!
You kill the cane toad!
Trog accepts your kill.
You feel sick.
The blink frog blinks!
The blink frog closely misses you. The blink frog barely misses you.
You claw the blink frog!
The blink frog is moderately wounded.
The ice encasing you melts away.
You feel sick. The blink frog misses you.
You barely miss the blink frog.
The blink frog is moderately wounded.
You feel sick. The blink frog hits you!
* * * LOW HITPOINT WARNING * * *
The blink frog hits you!
* * * LOW HITPOINT WARNING * * *
The blink frog hits you.
* * * LOW HITPOINT WARNING * * *
The blink frog blinks!
You miss the blink frog.
The blink frog is moderately wounded.
You feel sick. The blink frog hits you!
* * * LOW HITPOINT WARNING * * *
The blink frog blinks!
The blink frog hits you!
* * * LOW HITPOINT WARNING * * *
The blink frog blinks!
Okay, then.
You are too berserk!
What are your orders? t - Shout!
Anything else - Cancel.
Okay, then.
Unknown command.
You mangle the blink frog!! Your claw misses the blink frog.
The blink frog is almost dead.
You feel sick.
The blink frog hits you but does no damage.
The blink frog hits you!
You die...

....≈≈≈≈≈≈≈≈≈≈≈ ≈≈
....≈##≈≈#P≈P##≈≈##≈≈#
....≈##≈.##≈≈##≈≈F#≈≈##≈
.....≈≈≈..≈.≈..≈≈......≈
......≈..P..............
##...##.................
######.#..........F....
##.P......†§......
#..P.....@F...D..
###P....§F.......
#......§.......
##........P...<
##........##..
#.......## = ###.F..##
#.#.##


You could see 5 blink frogs and a steam dragon.

Vanquished Creatures
  Snorg (Lair:3)
  5 hydras
  Harold (D:8)
  3 two-headed ogres
  2 bog bodies (Lair:2)
  Pikel (D:8)
  12 elephants
  A black mamba (Lair:3)
  11 cane toads
  A torpor snail (Lair:5)
  3 rime drakes
  9 komodo dragons
  A wind drake (Lair:6)
  14 blink frogs
  2 polar bears
  4 dream sheep (Lair:5)
  Prince Ribbit (D:8)
  A shadow (D:9)
  25 yaks
  5 wyverns
  2 steam dragons
  Menkaure (D:7)
  21 water moccasins
  2 acid dragons (D:9)
  A sky beast (D:8)
  2 orc warriors (D:8)
  A necrophage (D:5)
  2 ice beasts
  7 black bears
  An ogre (D:5)
  7 wolves
  A centaur (D:8)
  Blork the orc (D:5)
  2 kobold brigands
  5 bullfrogs
  A gnoll sergeant (D:7)
  6 scorpions
  A wyvern skeleton (D:7)
  A water moccasin skeleton (D:5)
  4 killer bees (D:8)
  9 wights (D:9)
  2 howler monkeys (D:7)
  A bullfrog zombie (D:6)
  6 centaur zombies
  2 gnoll shamans
  2 orc priests
  3 hounds
  2 centaur skeletons (D:7)
  A jelly (D:4)
  2 iguanas
  Terence (D:3)
  3 orc wizards
  Natasha (thrice) (D:2)
  A killer bee zombie (D:8)
  A mummy (D:8)
  A howler monkey zombie (D:8)
  9 gnolls
  10 adders
  A white imp (D:5)
  2 shadow imps
  A worm (D:3)
  2 dart slugs
  16 orcs
  9 endoplasms
  7 goblins
  5 hobgoblins
  8 jackals
  19 kobolds
  2 quokkas
  4 ball pythons
  4 bats
  4 frilled lizards
  A hobgoblin zombie (D:8)
  A kobold zombie (D:8)
  2 orc zombies (D:8)
  A rat (D:3)
320 creatures vanquished.

Vanquished Creatures (collateral kills)
  A hydra (Lair:4)
  A cane toad (Lair:4)
2 creatures vanquished.

Vanquished Creatures (others)
  25 fungi
  30 plants
55 creatures vanquished.

Grand Total: 377 creatures vanquished

Notes
Turn   | Place    | Note
-------+----------+-------------------------------------------
     0 | D:1      | Anothat the Troll Monk began the quest for the Orb.
     0 | D:1      | Reached XP level 1. HP: 22/22 MP: 0/0
    67 | D:1      | Reached XP level 2. HP: 29/29 MP: 1/1
   298 | D:1      | Found a faded altar of an unknown god.
   308 | D:1      | Became a worshipper of Trog the Wrathful
   308 | D:1      | Reached * piety under Trog
   308 | D:1      | Reached ** piety under Trog
   415 | D:1      | Reached *** piety under Trog
   553 | D:1      | Reached XP level 3. HP: 32/36 MP: 2/2
   832 | D:1      | You fall into a shaft and drop 1 floor!
  1083 | D:2      | Noticed a scorpion
  1091 | D:2      | Killed a scorpion
  1092 | D:2      | Reached XP level 4. HP: 31/45 MP: 3/3
  1268 | D:2      | Noticed Natasha
  1275 | D:2      | Killed Natasha
  1276 | D:2      | Reached skill level 4 in Unarmed Combat
  1276 | D:2      | Reached XP level 5. HP: 50/53 MP: 4/4
  1493 | D:2      | Noticed Natasha
  1504 | D:2      | Killed Natasha
  1527 | D:2      | Noticed Natasha
  1532 | D:2      | Killed Natasha
  2119 | D:3      | Reached XP level 6. HP: 62/62 MP: 5/5
  2301 | D:3      | Noticed Terence
  2304 | D:3      | Found a hide-covered altar of Uskayaw.
  2311 | D:3      | Killed Terence
  2576 | D:4      | Reached **** piety under Trog
  2700 | D:4      | Reached skill level 5 in Unarmed Combat
  2835 | D:4      | Reached XP level 7. HP: 69/70 MP: 6/6
  2836 | D:4      | Found a staircase to the Ecumenical Temple.
  2992 | D:4      | Noticed a wyvern
  3001 | D:4      | Killed a wyvern
  3320 | D:5      | Entered Level 5 of the Dungeon
  3336 | D:5      | Reached skill level 6 in Unarmed Combat
  3462 | D:5      | Reached XP level 8. HP: 79/79 MP: 7/7
  3469 | D:5      | Reached skill level 5 in Fighting
  3469 | D:5      | Reached skill level 5 in Dodging
  3478 | D:5      | Reached skill level 7 in Unarmed Combat
  3834 | D:5      | Noticed Blork the orc
  3842 | D:5      | Killed Blork the orc
  3901 | D:5      | Found a broken altar of Ashenzari.
  3969 | D:5      | Found a sand-covered staircase.
  4019 | D:5      | Found an opulent altar of Gozag.
  4019 | D:5      | Found a glowing silver altar of Zin.
  4289 | D:6      | Reached skill level 8 in Unarmed Combat
  4301 | D:6      | Reached ***** piety under Trog
  4366 | D:6      | Reached XP level 9. HP: 89/89 MP: 8/8
  4406 | D:6      | Found a shimmering altar of Xom.
  4528 | D:6      | Found Cutor's Book Emporium.
  5118 | D:7      | Noticed Menkaure
  5127 | D:7      | Killed Menkaure
  5251 | D:7      | Received a gift from Trog
  5256 | D:7      | Reached skill level 9 in Unarmed Combat
  5331 | D:7      | Found a transporter.
  5357 | D:7      | Noticed a rakshasa
  5362 | D:7      | Found a transporter.
  5384 | D:7      | Noticed a cyan ugly thing
  5887 | D:8      | Noticed Pikel
  5901 | D:8      | Killed Pikel
  5936 | D:8      | Noticed Prince Ribbit
  5955 | D:8      | Killed Prince Ribbit
  6002 | D:8      | Reached skill level 10 in Unarmed Combat
  6124 | D:8      | Reached XP level 10. HP: 100/100 MP: 9/9
  6360 | D:8      | Found a basalt altar of Yredelemnul.
  6384 | D:8      | Noticed Harold
  6394 | D:8      | Killed Harold
  6484 | D:8      | Found a white marble altar of Elyvilon.
  6577 | D:8      | Noticed a two-headed ogre
  6582 | D:8      | Killed a two-headed ogre
  6583 | D:8      | Reached skill level 11 in Unarmed Combat
  6612 | D:8      | Found a staircase to the Lair.
  6737 | D:9      | Noticed a two-headed ogre
  6748 | D:9      | Killed a two-headed ogre
  6845 | D:9      | Reached skill level 1 in Evocations
  6948 | D:9      | Found an ornate altar of the Wu Jian Council.
  7203 | D:9      | Noticed a two-headed ogre
  7205 | D:9      | Found a sparkling altar of Nemelex Xobeh.
  7211 | D:9      | Killed a two-headed ogre
  7274 | D:9      | Reached XP level 11. HP: 108/110 MP: 10/10
  7540 | Lair:1   | Entered Level 1 of the Lair of Beasts
  7677 | Lair:1   | Reached skill level 12 in Unarmed Combat
  8070 | Lair:1   | Received a gift from Trog
  8107 | Lair:1   | Found the +8 whip "Snakebite" {venom, curare, rPois}
  9123 | Lair:2   | Reached skill level 13 in Unarmed Combat
  9123 | Lair:2   | Reached skill level 5 in Evocations
  9444 | Lair:2   | Noticed a bog body
  9451 | Lair:2   | Killed a bog body
  9452 | Lair:2   | Reached XP level 12. HP: 122/122 MP: 11/11
  9460 | Lair:2   | Found a staircase to the Swamp.
 10029 | Lair:3   | Noticed a six-headed hydra
 10190 | Lair:3   | Noticed Snorg
 10200 | Lair:3   | Killed Snorg
 10214 | Lair:3   | Killed a six-headed hydra
 10279 | Lair:3   | Found a hole to the Spider Nest.
 10327 | Lair:3   | Noticed a six-headed hydra
 10332 | Lair:3   | Killed a six-headed hydra
 11223 | Lair:4   | Reached skill level 14 in Unarmed Combat
 11269 | Lair:4   | Noticed a seven-headed hydra
 11273 | Lair:4   | Noticed an eight-headed hydra
 11281 | Lair:4   | Killed a ten-headed hydra
 11283 | Lair:4   | Killed an eight-headed hydra
 11605 | Lair:4   | Noticed a five-headed hydra
 11610 | Lair:4   | Killed a seven-headed hydra
 11611 | Lair:4   | Reached XP level 13. HP: 125/133 MP: 12/12
 12135 | Lair:5   | Reached skill level 15 in Unarmed Combat
 12200 | Lair:5   | Reached skill level 10 in Fighting
 12230 | Lair:5   | Received a gift from Trog
 13038 | Lair:6   | Entered Level 6 of the Lair of Beasts
 13229 | Lair:6   | HP: 7/202 [blink frog (15)]
 13230 | Lair:6   | Mangled by a blink frog

Illustrated notes

Levels and vault maps discovered:
D:1:      onia_arrival_pyramid, layout_basic,
          shapermc_ecumenical_altar_flowoftime
D:2:      layout_loops_ring, minmay_splitting_lines, minmay_tromino_v7,
          uniq_natasha
D:3:      layout_rooms, nicolae_uskayaw_dance_hall, chequers_garden,
          minmay_between, uniq_terence
D:4:      layout_basic, minmay_temple_entry_slanted
D:5:      layout_rooms, grunt_temple_overflow_gold_and_silver,
          mainiacjoe_overflow_surrounded_room,
          nicolae_ossuary_entry_false_entrances, wad_floor_pattern_2,
          roderic_nine_men_s_morris, nicolae_underground_beach,
          uniq_blork_the_orc
D:6:      layout_cave_pods, xom_teletrap_fun, serial_shops, nicolae_shop_trees
D:7:      layout_basic, gammafunk_ghost_abyssal_escape, minmay_starry_boxes,
          uniq_menkaure
D:8:      layout_cave_pools, kennysheep_ying_yang,
          grunt_lair_entry_orc_guard_hut, st_stairs_13, minmay_mini_ossuary,
          uniq_harold, uniq_prince_ribbit1, uniq_pikel
D:9:      layout_basic, mainiacjoe_overflow_catch_the_wave
Lair:1:   minmay_guarded_unrand_snakebite, layout_concentric_octagons,
          nicolae_quartered_pool_little, chequers_serial_rivers_micro_a,
          columned_hall_lemuel, lemuel_fruit_fields
Lair:2:   layout_regular_city, skrybe_swamp_entry_bodies
Lair:3:   layout_roguey, dummy_spider_entry, chequers_serial_rivers_micro_a,
          lemuel_fruit_fields, grunt_megastairs_1, uniq_snorg
Lair:4:   layout_misc_corridors
Lair:5:   layout_small_grid, infiniplex_staircase_pool_2
Lair:6:   gammafunk_lair_ancient_temple, layout_gridlike,
          minmay_slime_entry_oklob_enclosed

Skill      XL: |  1  2  3  4  5  6  7  8  9 10 11 12 13 |
---------------+----------------------------------------+-----
Fighting       | 3 4 5 6 7 8 9 10 | 10.5
Dodging        | 3 4 5 6 7 |  7.5
Unarmed Combat | 4 5 6 8 10 11 13 14 15 | 15.9
Evocations     | 1 5 6 |  6.2
Stealth        | |  1.2

Action                   |  1- 3 |  4- 6 |  7- 9 | 10-12 | 13-15 || total
-------------------------+-------+-------+-------+-------+-------++-------
Melee: Unarmed           |    93 |   115 |   267 |   410 |   139 ||  1024
       Punch             |       |     2 |     8 |    28 |     6 ||    44
Invok: Berserk           |       |       |     4 |    10 |     4 ||    18
       Brothers in Arms  |       |       |       |     1 |       ||     1
Evoke: Wand              |       |       |       |    12 |     1 ||    13
  Use: Scroll            |       |       |    14 |     1 |       ||    15
       Potion            |       |       |     1 |       |       ||     1
 Stab: Sleeping          |     1 |     4 |     2 |    11 |     4 ||    22
       Distracted        |       |       |     1 |     1 |       ||     2
       Paralysed         |       |       |       |     6 |     1 ||     7
Armor: Robe              |    34 |    35 |   131 |    94 |    36 ||   330
Dodge: Dodged            |    65 |    50 |   183 |   175 |    59 ||   532
